 Dungeon Crawl Stone Soup version 0.11.0-9-gb634444 (webtiles) character file.

3000 rslezak the Ruffian (level 9, -2/87 HPs)
             Began as a Troll Berserker on Oct 24, 2012.
             Was a High Priest of Trog.
             Slain by a war dog (9 damage)
             ... on Level 11 of the Dungeon.
             The game lasted 00:37:04 (6713 turns).

rslezak the Ruffian (Troll Berserker)               Turns: 6713, Time: 00:37:04

HP  -2/87        AC  5     Str 27      XL: 9   Next: 38%
MP   3/3         EV 12     Int  6      God: Trog [*****.]
Gold 149         SH  0     Dex  9      Spells:  0 memorised,  8 levels left

Res.Fire  : . . .   See Invis. : .     - Unarmed
Res.Cold  : . . .   Warding    : .   b - +0 animal skin
Life Prot.: . . .   Conserve   : .   (shield restricted)
Res.Poison: .       Res.Corr.  : .   (helmet restricted)
Res.Elec. : .       Clarity    : .   (no cloak)
Sust.Abil.: . .     Spirit.Shd : .   (gloves unavailable)
Res.Mut.  : .       Stasis     : .   (boots unavailable)
Res.Rott. : .       Ctrl.Telep.: .   (no amulet)
Gourmand  : +       Levitation : .   (no ring) Ctrl.Flight: .
                                     (no ring)

@: slightly resistant to hostile enchantments, unstealthy
A: unfitting armour, claws 3, fast metabolism 3, gourmand, regeneration 2,
saprovore 2, tough skin 2, AC +1
a: Burn Spellbooks, Berserk, Trog's Hand, Brothers in Arms, Renounce Religion


You were on level 11 of the Dungeon.
You worshipped Trog.
Trog was extremely pleased with you.
You were full.

You visited 2 branches of the dungeon, and saw 11 of its levels.
You also visited: Sewer.

You collected 457 gold pieces.
You spent 328 gold pieces at shops.

Inventory:

Hand weapons
 F - a +0,+2 bow
Missiles
 z - 16 stones (quivered)
 G - 13 arrows
 H - 16 arrows of frost
Armour
 b - a +0 animal skin (worn)
Magical devices
 v - a wand of flame (5) {unknown}
 D - a wand of fire (10) {unknown}
Comestibles
 j - 5 bread rations
 u - 5 meat rations
 C - a snozzcumber
 E - 7 grapes
Scrolls
 c - a scroll of magic mapping {unknown}
 e - a scroll of curse jewellery {unknown}
 i - a scroll of noise {unknown}
 k - 2 scrolls of fog {unknown}
 l - 2 scrolls of teleportation
 m - 2 scrolls of recharging {unknown}
 n - 2 scrolls of identify {unknown}
 r - 2 scrolls of amnesia {unknown}
 s - a scroll of random uselessness {unknown}
 w - 2 scrolls of remove curse {unknown}
 y - a scroll of enchant armour {unknown}
 B - a scroll of enchant weapon II {unknown}
Jewellery
 d - an uncursed ring of see invisible {unknown}
 I - an uncursed amulet of faith {unknown}
 K - a +5 ring of dexterity {unknown}
Potions
 a - 4 potions of resistance {unknown}
 f - a potion of speed {unknown}
 g - a potion of curing {unknown}
 h - 2 potions of heal wounds {unknown}
 o - 6 potions of levitation
 p - 5 potions of poison {unknown}
 q - a potion of mutation {unknown}
 t - a potion of degeneration {unknown}
 x - a potion of berserk rage {unknown}
 A - a potion of paralysis {unknown}
Miscellaneous
 J - a plain deck of defence


   Skills:
 + Level 4.9 Fighting
 + Level 7.3 Dodging
 + Level 1.6 Stealth
 + Level 0.5 Stabbing
 + Level 0.9 Traps & Doors
 + Level 7.9 Unarmed Combat


You had 8 spell levels left.
You didn't know any spells.

Dungeon Overview and Level Annotations

Branches:
Dungeon (11/27)            Temple (1/1) D:5            Lair (0/8) D:11
    Orc: D:6-11

Altars:
Ashenzari
Cheibriados
Fedhas
Kikubaaqudgha
Makhleb
Nemelex Xobeh
Okawaru
Trog
Vehumet
Xom
Yredelemnul
Zin
the Shining One

Shops:
D:5: (*%% D:6: /

Annotations
D:10 Maurice; beckyway's ghost, experienced DrWz


Innate Abilities, Weirdness & Mutations

You are too large for most types of armour.
You have claws for hands.
Your metabolism is lightning-fast.
You like to eat raw meat.
You heal very quickly.
You can eat rotten meat.
You are covered in fur (AC +1).
You have very tough skin (AC +2).


Message History

The bolt of electricity hits the electric eel.
The bolt of electricity hits you!
The electric eel shoots out a bolt of electricity!
The bolt of electricity hits you!
The electric eel shoots out a bolt of electricity!
The bolt of electricity hits you!
The giant goldfish is no longer bleeding.
A wight comes into view. It is wielding a flail.
The electric eel shoots out a bolt of electricity!
The bolt of electricity hits you!
* * * LOW HITPOINT WARNING * * *
The bolt of electricity hits you!
* * * LOW HITPOINT WARNING * * *
The electric eel shoots out a bolt of electricity!
The bolt of electricity hits you!
* * * LOW HITPOINT WARNING * * *
The bolt of electricity misses you.
The hound pauses to sniff the water.
The war dog bites you!
You die...

.......h;≈;≈≈≈≈≈≈≈
.......≈{..≈≈≈≈≈≈≈
####.z....{≈≈≈≈≈≈
#......;≈≈≈≈≈. .
##h######..... ...# #.#
#.# .##. #...# #.# #.#
# ##...#####.#####h####
................@...#
.........#.####.....#
.........#.# #.....#
##...#...#.# ##.######
.....#.).#.###.......#
....<.....)............
.....#...#.#.#.......#.
.....#...#.#.#.......#
......................


You could see a war dog, a hound, a wight and a jackal.

Vanquished Creatures
  A hill giant (D:10)
  A troll (D:9)
  A wyvern (D:9)
  A hippogriff (D:11)
  A manticore (D:10)
  2 orc warriors
  The ghost of mrfool the Shield-Bearer, an average DsFi (D:3)
  5 ogres
  A centaur (D:9)
  Blork the orc (D:5)
  3 wights (D:6)
  2 crimson imps
  A goliath beetle (D:11)
  7 hounds
  A hound zombie (D:5)
  A scorpion (D:9)
  Crazy Yiuf (D:2)
  A hound skeleton (D:10)
  A big fish (D:5)
  2 orc wizards
  A mermaid (Sewer)
  5 worker ants
  9 adders
  2 green rats (Sewer)
  A scorpion zombie (D:10)
  A giant mite (Sewer)
  3 worms
  6 grey rats (Sewer)
  A giant eyeball (D:5)
  4 giant geckos
  3 oozes
  15 orcs
  4 ball pythons
  8 giant cockroaches
  6 goblins
  3 hobgoblins
  3 jackals (D:6)
  3 quokkas
  8 bats
  6 giant newts
  A hobgoblin skeleton (D:9)
  14 kobolds
  A quokka zombie (D:3)
  27 rats
  2 ballistomycetes (D:6)
  2 toadstools
174 creatures vanquished.

Vanquished Creatures (others)
  An orc wizard (D:6)
  A jackal (D:6)
  A giant spore (D:6)
  A kobold skeleton (D:5)
  A rat (D:5)
  5 toadstools
10 creatures vanquished.

Grand Total: 184 creatures vanquished

Notes
Turn   | Place    | Note
--------------------------------------------------------------
     0 | D:1      | rslezak, the Troll Berserker, began the quest for the Orb.
     0 | D:1      | Reached XP level 1. HP: 23/23 MP: 0/0
   205 | D:1      | Found a shattered altar of Ashenzari.
   864 | D:2      | Reached XP level 2. HP: 29/31 MP: 0/0
  1223 | D:2      | Noticed Crazy Yiuf
  1230 | D:2      | Killed Crazy Yiuf
  1230 | D:2      | Reached XP level 3. HP: 39/39 MP: 1/1
  1689 | D:3      | Noticed mrfool's ghost (average DsFi)
  1824 | D:3      | Killed mrfool's ghost
  1824 | D:3      | Reached skill level 4 in Unarmed Combat
  1824 | D:3      | Reached XP level 4. HP: 42/46 MP: 1/1
  1887 | D:3      | Reached XP level 5. HP: 45/54 MP: 1/1
  1896 | D:3      | Acquired Trog's second power
  2655 | D:4      | Found a glowing golden altar of the Shining One.
  2809 | D:4      | Noticed an ogre
  2816 | D:4      | Killed an ogre
  2816 | D:4      | Reached XP level 6. HP: 62/62 MP: 2/2
  3067 | D:4      | Found a glowing silver altar of Zin.
  3067 | D:4      | Noticed a glowing angel
  3119 | D:5      | Entered Level 5 of the Dungeon
  3265 | D:6      | Reached skill level 5 in Unarmed Combat
  3391 | D:5      | Found Cleiclah's Food Emporium.
  3399 | D:5      | Reached skill level 5 in Dodging
  3399 | D:5      | Reached XP level 7. HP: 70/70 MP: 2/2
  3404 | D:5      | Bought a meat ration for 48 gold pieces
  3404 | D:5      | Bought a bread ration for 48 gold pieces
  3404 | D:5      | Bought a bread ration for 48 gold pieces
  3404 | D:5      | Bought a bread ration for 48 gold pieces
  3404 | D:5      | Bought a bread ration for 48 gold pieces
  3424 | D:5      | Found a glowing drain.
  3438 | D:5      | Found a staircase to the Ecumenical Temple.
  3449 | Sewer    | Entered a sewer
  3590 | Sewer    | Acquired Trog's third power
  4003 | D:5      | Found Ygolitif's Food Emporium.
  4007 | D:5      | Bought a meat ration for 44 gold pieces
  4007 | D:5      | Bought a meat ration for 44 gold pieces
  4035 | D:5      | Paralysed by a giant eyeball for 3 turns
  4042 | D:5      | Paralysed by a giant eyeball for 3 turns
  4055 | D:5      | Found Xeiplorch's Assorted Antiques.
  4117 | D:5      | Found an iron altar of Okawaru.
  4120 | D:5      | Found Vufraocs' Weapon Emporium.
  4357 | Temple   | Entered the Ecumenical Temple
  4559 | D:5      | Noticed Blork the orc
  4568 | D:5      | Killed Blork the orc
  4826 | D:6      | Reached skill level 6 in Unarmed Combat
  4826 | D:6      | Reached XP level 8. HP: 76/79 MP: 2/2
  5023 | D:6      | Found Opryo's Magical Wand Shoppe.
  5084 | D:6      | Reached skill level 1 in Stealth
  5104 | D:6      | You fall through a shaft!
  5589 | D:9      | Noticed a troll
  5598 | D:9      | Killed a troll
  5598 | D:9      | Reached skill level 7 in Unarmed Combat
  6062 | D:9      | Reached XP level 9. HP: 87/87 MP: 3/3
  6216 | D:10     | Entered Level 10 of the Dungeon
  6218 | D:10     | Noticed Maurice
  6289 | D:10     | Noticed a hill giant
  6302 | D:10     | Killed a hill giant
  6417 | D:10     | Noticed beckyway's ghost (experienced DrWz)
  6699 | D:11     | Found a staircase to the Lair.
  6713 | D:11     | Slain by a war dog
